 Dungeon Crawl Stone Soup version 0.19-a0-442-g8935a21 (webtiles) character file.

4314 Ordine the Transmogrifier (level 10, 0/69 HPs)
             Began as an Octopode Transmuter on June 1, 2016.
             Slain by a wight
             ... wielding a cursed +3 mace
              (1 damage)
             ... on level 6 of the Dungeon.
             The game lasted 00:34:57 (10271 turns).

Ordine the Transmogrifier (Octopode Transmuter)    Turns: 10271, Time: 00:34:58

Health: 0/69       AC:  8    Str: 10    XL:     10   Next: 33%
Magic:  13/13      EV: 11    Int: 18    God:
Gold:   388        SH:  0    Dex: 13    Spells: 3 memorised, 5 levels left

rFire  x . .     SeeInvis .       - Unarmed
rCold  + + +     Gourm    .     (shield currently unavailable)
rNeg   . . .     Faith    .     (helmet currently unavailable)
rPois  +         Spirit   .     n - amulet of harm
rElec  .         Dismiss  .     (no ring)
rCorr  .         Reflect  .     (no ring)
SustAt .         Harm     +     (no ring)
MR     .....                    (no ring)
Stlth  ++++......               (no ring)
                                (no ring)
                                (no ring)
                                (no ring)

@: ice-form, drained, not resistant to hostile enchantments, stealthy
A: almost no armour, amphibious, 8 rings, (constrict 8), (camouflage 0),
(gelatinous body 0)
a: End Transformation


You were on level 6 of the Dungeon.
You were hungry.
You were a creature of crystalline ice.
You visited 2 branches of the dungeon, and saw 8 of its levels.

You collected 388 gold pieces.

Inventory:

Magical Staves
 u - an uncursed staff of cold (melded)
Rods
 k - a +0 rod of inaccuracy (12/12)
   (You found it on level 5 of the Dungeon)
Jewellery
 n - an amulet of harm (around neck)
Wands
 g - a wand of iceblast (11/15)
Scrolls
 a - 3 scrolls of fog
 e - a scroll of remove curse
 j - 2 scrolls of fear
 l - a scroll of magic mapping
 m - a scroll of enchant armour
 p - a scroll of immolation
 y - a scroll of teleportation
Potions
 d - a potion of cancellation
 f - 2 potions of brilliance
 i - a potion of ambrosia
 s - a potion of magic
Books
 b - a book of Changes

   Spells                             Type                      Level
   a - Beastly Appendage              Transmutation                1
   b - Sticks to Snakes               Transmutation                2
   c - Spider Form                    Transmutation/Poison         3
   d - Ice Form                       Ice/Transmutation            4
   e - Blade Hands                    Transmutation                5
 r - a Grand Grimoire

   Spells                             Type                      Level
   a - Monstrous Menagerie            Summoning                    7
   b - Summon Greater Demon           Summoning                    7
   c - Malign Gateway                 Summoning/Translocation      7
   d - Summon Horrible Things         Summoning                    8
Comestibles
 c - 8 bread rations
 h - 4 meat rations
 q - a fruit
 t - a slice of pizza
 w - a royal jelly
 x - 6 beef jerkies


   Skills:
 - Level 1.0(0.7) Fighting
 + Level 3.6(3.3) Dodging
 - Level 10.0(9.7) Stealth
 * Level 5.7(5.4) Unarmed Combat
 - Level 2.0(1.7) Spellcasting
 - Level 10.0(9.7) Transmutations
 - Level 6.0(5.7) Ice Magic


You had 5 spell levels left.
You knew the following spells:

 Your Spells              Type           Power        Failure   Level  Hunger
a - Spider Form           Tmut/Pois      ###.......   10%         3    ###....
b - Ice Form              Ice/Tmut       ####....     10%         4    #####..
d - Beastly Appendage     Tmut           #####.       1%          1    #......


Dungeon Overview and Level Annotations

Branches:
Dungeon (7/15)             Temple (1/1) D:6

Altars:
Ashenzari
Elyvilon
Fedhas
Makhleb
Okawaru
Pakellas
Qazlal
Ru
Trog
Uskayaw
Xom
The Shining One

Shops:
D:4 [


Innate Abilities, Weirdness & Mutations

You cannot wear most types of armour.
You are amphibious.
You can wear up to eight rings at the same time.
((You can use your tentacles to constrict eight enemies at once.))
((Your skin changes colour to match your surroundings (Stealth+).))
((Your rubbery body absorbs attacks. (AC +1)))


Message History

You feel better. The wight closely misses you.
You closely miss the wight.
The wight is moderately damaged.
The wight hits you with an enchanted mace!
* * * LOW HITPOINT WARNING * * *
You feel better.
You hit the wight but do no damage.
The wight is moderately damaged.
The wight hits you with an enchanted mace.
* * * LOW HITPOINT WARNING * * *
You feel drained.
* * * LOW HITPOINT WARNING * * *
You hit the wight.
The wight is heavily damaged.
The wight hits you with an enchanted mace!
* * * LOW HITPOINT WARNING * * *
You hit the wight but do no damage.
The wight is heavily damaged.
The wight hits you with an enchanted mace.
You die...

##.#'### #......#
#......# #......#
#......# #......#
#......# ####)###
#Y# #z#
################.#
.................#
##################


You could see a wight.

Vanquished Creatures
  The ghost of Shredu92 the Cleaver, a novice FoFi of Kikubaaqudgha (D:6)
  Grinder (D:4)
  Prince Ribbit (D:6)
  Eustachio (D:4)
  The ghost of Musica the Stinger, an amateur NaVM (D:4)
  Menkaure (D:5)
  Edmund (D:4)
  An orc warrior (D:7)
  4 ice beasts
  5 ogres
  2 phantoms (D:4)
  2 centaurs (D:7)
  4 giant frogs (D:6)
  A scorpion (D:6)
  7 wights
  5 crimson imps
  A wasp zombie (D:5)
  Crazy Yiuf (D:2)
  2 jellies
  2 hounds
  4 gnoll shamans
  4 orc wizards
  A centaur skeleton (D:4)
  An iguana (D:5)
  3 worker ants
  2 hound skeletons (D:6)
  8 adders
  14 gnolls
  A shadow imp (D:5)
  2 worms
  2 giant geckos
  19 orcs
  A ball python (D:6)
  3 giant cockroaches (D:1)
  A goblin (D:1)
  7 hobgoblins
  16 jackals
  5 quokkas
  9 bats
  5 giant newts
  12 kobolds
  A quokka skeleton (D:4)
  7 rats
  A fungus (D:2)
173 creatures vanquished.

Vanquished Creatures (others)
  3 fungi (D:7)
  4 plants (D:7)
7 creatures vanquished.

Grand Total: 180 creatures vanquished

Notes
Turn   | Place    | Note
--------------------------------------------------------------
     0 | D:1      | Ordine the Octopode Transmuter began the quest for the Orb.
     0 | D:1      | Reached XP level 1. HP: 13/13 MP: 3/3
   325 | D:1      | Reached skill level 1 in Stealth
   452 | D:1      | Reached XP level 2. HP: 18/18 MP: 5/5
  1070 | D:2      | Reached XP level 3. HP: 20/23 MP: 6/6
  1340 | D:2      | Learned a level 3 spell: Spider Form
  1926 | D:2      | Noticed Crazy Yiuf
  1933 | D:2      | Killed Crazy Yiuf
  1933 | D:2      | Reached XP level 4. HP: 20/28 MP: 0/7
  3025 | D:3      | Found a stormy altar of Qazlal.
  3046 | D:3      | Reached XP level 5. HP: 30/33 MP: 4/8
  3200 | D:3      | Learned a level 4 spell: Ice Form
  3421 | D:3      | Found a shattered altar of Ashenzari.
  3425 | D:3      | Found a sacrificial altar of Ru.
  3938 | D:4      | Noticed Eustachio
  3956 | D:4      | Noticed a phantom
  3959 | D:4      | Killed Eustachio
  3959 | D:4      | Reached skill level 5 in Transmutations
  3959 | D:4      | Reached skill level 1 in Ice Magic
  3959 | D:4      | Reached XP level 6. HP: 38/38 MP: 2/9
  3974 | D:4      | Killed a phantom
  3974 | D:4      | Reached skill level 5 in Stealth
  4182 | D:4      | Noticed Edmund
  4182 | D:4      | Noticed Grinder
  4195 | D:4      | Paralysed by Grinder for 3 turns
  4213 | D:4      | Killed Grinder
  4213 | D:4      | Reached XP level 7. HP: 18/43 MP: 8/10
  4225 | D:4      | Killed Edmund
  4453 | D:4      | Found an iron altar of Okawaru.
  4464 | D:4      | Noticed Musica's ghost (amateur NaVM)
  4533 | D:4      | Killed Musica's ghost
  4533 | D:4      | Reached XP level 8. HP: 45/48 MP: 7/11
  4848 | D:4      | Found Gewk's Armour Shop.
  5286 | D:5      | Entered Level 5 of the Dungeon
  5286 | D:5      | Noticed Menkaure
  5294 | D:5      | Killed Menkaure
  6218 | D:5      | Identified a +0 rod of inaccuracy (12/12) (You found it on level 5 of the Dungeon)
  6330 | D:5      | Reached XP level 9. HP: 50/53 MP: 12/12
  6699 | D:5      | Found a burning altar of Makhleb.
  6699 | D:5      | Found a shimmering altar of Xom.
  6883 | D:6      | Noticed Shredu92's ghost (novice FoFi)
  6894 | D:6      | Killed Shredu92's ghost
  6894 | D:6      | Reached skill level 5 in Ice Magic
  7125 | D:6      | Found a staircase to the Ecumenical Temple.
  7152 | Temple   | Entered the Ecumenical Temple
  7319 | D:6      | Noticed Prince Ribbit
  7356 | D:6      | Killed Prince Ribbit
  7419 | D:6      | Reached skill level 10 in Transmutations
  7683 | D:6      | Reached skill level 10 in Stealth
  8017 | D:6      | Reached XP level 10. HP: 58/58 MP: 13/13
  8217 | D:6      | Found a sacrificial altar of Ru.
  9241 | D:7      | Reached skill level 5 in Unarmed Combat
 10270 | D:6      | HP: 1/69 [wight/enchanted mace (12)]
 10271 | D:6      | Slain by a wight

Vault maps used:
D:1:      mrwooster_arrival_statue_2, st_stairs_7
D:2:      uniq_crazy_yiuf_cottage
D:3:      nicolae_qazlal_general_emergency, minitemple, first_bread
D:4:      lemuel_round_altar, serial_shops, kennysheep_little_box, uniq_edmund,
          uniq_eustachio, uniq_grinder
D:5:      lemuel_upstairs_altar, grunt_temple_overflow_champion_of_chaos,
          uniq_menkaure
D:6:      minmay_temple_entry_junction2, nicolae_ru_path_of_blood,
          uniq_prince_ribbit1
D:7:      kennysheep_seaside_town, grunt_ogre_cave,
          minmay_misc_feat_more_columns
Temple:   nicolae_temple_no_exploring_needed

Skill      XL: |  1  2  3  4  5  6  7  8  9 10 |
---------------+-------------------------------+-----
Stealth        | 1 2 3 4 5 6 8 10 | 10.0
Transmutations | 3 4 5 6 8 10 | 10.0
Ice Magic      | 1 2 3 4 6 |  6.0
Unarmed Combat | 5 |  5.7
Dodging        | 3 |  3.6
Fighting       | |  1.0
Spellcasting   | |  2.0

Action                   |  1- 3 |  4- 6 |  7- 9 | 10-12 || total
-------------------------+-------+-------+-------+-------++-------
Melee: Unarmed           |    85 |   148 |   245 |   102 ||   580
       Constrict         |    21 |    17 |    20 |       ||    58
       Tentacles         |    15 |     7 |    15 |       ||    37
       Kick              |     3 |       |       |       ||     3
       Punch             |     1 |     1 |     1 |       ||     3
 Cast: Beastly Appendage |     2 |       |       |       ||     2
       Spider Form       |       |     5 |     5 |       ||    10
       Ice Form          |       |     1 |    15 |    13 ||    29
  Use: Scroll            |    10 |     1 |     6 |     2 ||    19
       Potion            |     2 |     4 |     1 |     2 ||     9
 Stab: Sleeping          |     1 |     4 |    12 |       ||    17
       Distracted        |       |     1 |       |       ||     1
  Eat: Chunk             |     3 |     7 |    14 |    10 ||    34
       Bread ration      |       |     1 |       |       ||     1
Armor: Skin              |    10 |    25 |    26 |    19 ||    80
Dodge: Dodged            |    48 |    94 |   119 |    57 ||   318
